 Dungeon Crawl Stone Soup version 0.29.1-15-g9cfb28693d (webtiles) character file.

Game seed: 14120977202677542570

105 Alturiack the Chopper (level 4, 0/40 HPs)
             Began as a Hill Orc Cinder Acolyte on Apr 12, 2023.
             Was a High Priest of Ignis.
             Slain by a gnoll
             ... wielding a +0 club
              (5 damage)
             ... on level 3 of the Dungeon.
             The game lasted 00:09:17 (2678 turns).

Alturiack the Chopper (Hill Orc Cinder Acolyte)     Turns: 2678, Time: 00:09:18

Health: 0/40       AC:  2    Str: 16    XL:     4   Next: 83%
Magic:  1/6        EV: 15    Int: 16    God:    Ignis [*****.]
Gold:   159        SH:  0    Dex:  6    Spells: 4/6 levels left

rFire   + . .      SeeInvis .   a - -1 hand axe (flame)
rCold   . . .      Faith    .   (no shield)
rNeg    . . .      Spirit   .   b - +0 robe
rPois   .          Reflect  .   (no helmet)
rElec   .          Harm     .   (no cloak)
rCorr   .          Rampage  .   (no gloves)
Will    .....                   (no boots)
Stlth   +.........              (no amulet)
HPRegen 0.13/turn               l - +4 ring of evasion
MPRegen 0.10/turn               (no ring)

@: no status effects
A: no striking features
a: Renounce Religion, Fiery Armour, Foxfire Swarm, Rising Flame


You were on level 3 of the Dungeon.
You worshipped Ignis.
Ignis was extremely pleased with you.
You visited 1 branch of the dungeon, and saw 3 of its levels.

You collected 159 gold pieces.

Inventory:

Hand Weapons
 a - a -1 hand axe of flaming (weapon)
Armour
 b - a +0 robe (worn)
Jewellery
 l - a +4 ring of evasion (left hand)
Scrolls
 c - 2 scrolls of teleportation {unknown}
 d - 3 scrolls of identify {unknown}
 f - a scroll of blinking {unknown}
 h - 2 scrolls of vulnerability {unknown}
 i - a scroll of summoning {unknown}
 k - a scroll of fear {unknown}
 m - a scroll of noise {unknown}
 n - a scroll of magic mapping {unknown}
 r - a scroll of amnesia {unknown}
Potions
 e - 2 potions of ambrosia {unknown}
 g - 3 potions of haste {unknown}
 j - a potion of might {unknown}
 o - 2 potions of flight {unknown}
 p - a potion of magic {unknown}
 q - a potion of degeneration {unknown}


   Skills:
 + Level 4.3 Fighting
 + Level 4.8 Axes
 + Level 1.9 Armour
 + Level 1.6 Spellcasting
 + Level 3.9 Fire Magic


You had 4 spell levels left.
You knew the following spells:

 Your Spells              Type           Power      Damage    Failure   Level
a - Scorch                Fire           26%        2d6       6%          2

Your spell library contained the following spells:

 Spells                   Type           Power      Damage    Failure   Level
 Poisonous Vapours        Pois/Air       2%         N/A       32%         2
 Dazzling Flash           Conj/Hex       2%         N/A       54%         3
 Flame Wave               Conj/Fire      7%         2d5       67%         4
 Corpse Rot               Necr/Pois/Air  1%         N/A       91%         4
 Iskenderun's Mystic Bla  Conj/Tloc      1%         2d3       91%         4
 Starburst                Conj/Fire      3%         6d3       100%        6
 Summon Cactus Giant      Summ           0%         N/A       100%        6


Dungeon Overview and Level Annotations

Branches:
Dungeon (3/15)

Altars:


Message History

A gnoll comes into view. It is wielding a +0 spear.
Casting: Scorch (safe; 6% risk of failure)
Confirm with . or Enter, or press ? or * to list all spells.
Flames lash the gnoll.
The gnoll is moderately wounded.
The gnoll's fire resistance burns away.
You don't have enough magic to cast this spell.
The gnoll is no longer more vulnerable to fire.
The gnoll barely misses you. The gnoll hits you with a +0 spear.
* * * LOW HITPOINT WARNING * * *
The gnoll attacks as you move away! The gnoll closely misses you.
The gnoll barely misses you.
You hit the gnoll but do no damage.
The gnoll is moderately wounded.
The gnoll closely misses you.
You hit the gnoll but do no damage.
The gnoll is moderately wounded.
The gnoll barely misses you.
You barely miss the gnoll.
The gnoll is moderately wounded.
The gnoll misses you. The gnoll closely misses you.
You barely miss the gnoll.
The gnoll is moderately wounded.
The gnoll barely misses you. The gnoll misses you.
You barely miss the gnoll.
The gnoll is moderately wounded.
The gnoll barely misses you. The gnoll misses you. The gnoll barely misses you.
The gnoll hits you from afar with a +0 spear.
* * * LOW HITPOINT WARNING * * *
You hit the gnoll but do no damage.
The gnoll is moderately wounded.
The gnoll completely misses you. The gnoll closely misses you.
You hit the gnoll. You burn the gnoll.
The gnoll is heavily wounded.
The gnoll hits you with a +0 club.
* * * LOW HITPOINT WARNING * * *
The gnoll hits you from afar with a +0 spear.
* * * LOW HITPOINT WARNING * * *
The gnoll hits you with a +0 club.
You die...

##........#[..#.÷.......#......
###....<....#...'........####.###
............#...#.........# #.#
.)......#...#####...#.....# #.#
##.......##'.....'##......# #.#
##......#.#.....#.#.)....# #[#
###)###..###.....###)))...###.#
).......#...#...#..g#....###..###
#...............@g#.....##......#
##....†..(.....##.########......#
####..>...........#######......#
#.#..###~###................#
#....#.#≈#.#....######......#
#..###. #.###..# #...[..# #... .
#.....## #......# #..## .###.#
#......# #... .# ..# ########


You could see 2 gnolls.

Vanquished Creatures
  An orc wizard (D:3)
  A gnoll (D:3)
  2 worms
  A dart slug (D:2)
  5 orcs (D:3)
  8 ball pythons
  5 bats
  6 endoplasms
  A giant cockroach (D:3)
  3 goblins (D:1)
  9 hobgoblins
  5 kobolds
  3 quokkas (D:3)
  A frilled lizard (D:2)
  4 rats
55 creatures vanquished.

Vanquished Creatures (others)
  4 fungi (D:3)
  8 plants (D:3)
12 creatures vanquished.

Grand Total: 67 creatures vanquished

Notes
Turn   | Place    | Note
-------+----------+-------------------------------------------
     0 | D:1      | Alturiack the Hill Orc Cinder Acolyte began the quest for
                  | the Orb.
     0 | D:1      | Reached XP level 1. HP: 19/19 MP: 2/2
   194 | D:1      | Reached XP level 2. HP: 27/27 MP: 3/3
   552 | D:1      | Learned a level 2 spell: Scorch
  1063 | D:1      | Reached skill level 1 in Armour
  1446 | D:2      | Reached XP level 3. HP: 33/33 MP: 1/4
  2445 | D:3      | Reached XP level 4. HP: 40/40 MP: 6/6
  2678 | D:3      | Slain by a gnoll

Illustrated notes

Levels and vault maps discovered:
D:1:      amcnicky_arrival_flooded_fountain, layout_basic,
          kennysheep_decorative_pillar
D:2:      layout_loops_ring
D:3:      layout_rooms, ebering_ghost_disaster_area,
          shapermc_ecumenical_altar_mp_urbaneastern, grunt_decor_cap,
          minmay_fractal_squares_diagonal_5

Skill      XL: |  1  2  3 |
---------------+----------+-----
Armour         | 1 |  1.9
Fighting       | 4 |  4.3
Axes           | |  4.8
Spellcasting   | |  1.6
Fire Magic     | |  3.9

Action                   |  1- 3 |  4- 6 || total
-------------------------+-------+-------++-------
Melee: Hand axe          |    78 |    27 ||   105
       Punch             |     1 |       ||     1
 Cast: Scorch            |    21 |     7 ||    28
Armor: Robe              |    18 |       ||    18
Dodge: Dodged            |    69 |    36 ||   105
